 Dungeon Crawl Stone Soup version 0.23.0-3-gf3c87f2 (webtiles) character file.

Game seed: 2714395634051138045

9733 inmateoo the Slinger (level 11, -6/73 (74) HPs)
             Began as a Halfling Hunter on Feb 21, 2019.
             Was a Believer of Okawaru.
             Mangled by Snorg (8 damage)
             ... on level 10 of the Dungeon.
             The game lasted 00:16:07 (11115 turns).

inmateoo the Slinger (Halfling Hunter)             Turns: 11115, Time: 00:16:07

HP:   -6/73 (74)    AC:  9    Str: 18    XL:     11   Next: 79%
MP:   0/13          EV: 20    Int: 12    God:    Okawaru [**....]
Gold: 522           SH:  0    Dex: 23    Spells: 10/10 levels left

rFire    . . .     SeeInvis +   K - +6 demon blade of Gravity {pain, rPois rC+ Int+3}
rCold    + . .     Gourm    .   (shield restricted)
rNeg     . . .     Faith    .   i - +1 ring mail of the Snake Pit {MR+ rCorr}
rPois    +         Spirit   +   (no helmet)
rElec    .         Reflect  .   (no cloak)
rCorr    +         Harm     .   (no gloves)
MR       +....                  D - +0 pair of boots
Stlth    +++.......             q - amulet of guardian spirit
HPRegen  0.22/turn              E - +4 ring of dexterity
MPRegen  0.13/turn              w - ring of see invisible

@: mighty, flying (expiring)
A: small, mutation resistance 1
a: Heroism, Renounce Religion


You were on level 10 of the Dungeon.
You worshipped Okawaru.
Okawaru was pleased with you.
You were not hungry.

You visited 2 branches of the dungeon, and saw 11 of its levels.

You collected 522 gold pieces.

Inventory:

Hand Weapons
 k - a +0 short sword of venom
 x - a +1 hunting sling of freezing
 A - a +1 dagger of holy wrath
 G - a +2 dagger of venom
 K - the +6 demon blade of Gravity (weapon) {pain, rPois rC+ Int+3}
   (You found it on level 10 of the Dungeon)

   In the hands of one skilled in necromantic magic, it inflicts extra damage on
   living creatures.
   It affects your intelligence (+3).
   It protects you from cold.
   It protects you from poison.
Missiles
 c - 7 throwing nets
 d - 44 sling bullets
 e - 240 stones (quivered)
Armour
 i - the +1 ring mail of the Snake Pit (worn) {MR+ rCorr}
   (You found it on level 6 of the Dungeon)

   It affects your resistance to hostile enchantments.
   It provides partial protection from all sources of acid and corrosion.
 j - a +2 shield
 D - a +0 pair of boots (worn)
Jewellery
 g - an uncursed ring of wizardry
 n - an uncursed ring of ice
 q - an amulet of guardian spirit (around neck)
 w - a ring of see invisible (right hand)
 y - an uncursed ring of fire
 E - a +4 ring of dexterity (left hand)
Wands
 m - a wand of acid (1)
 C - a wand of random effects (6)
 F - a wand of paralysis (2)
 H - a wand of flame (13)
Scrolls
 a - 6 scrolls of remove curse
 b - 4 scrolls of teleportation
 h - a scroll of magic mapping
 p - 2 scrolls of enchant armour
 s - 4 scrolls of fear
 t - a scroll of fog
 u - 6 scrolls of identify
 J - a scroll of amnesia {unknown}
Potions
 l - a potion of mutation {unknown}
 o - 6 potions of curing
 r - 2 potions of flight
 v - 2 potions of heal wounds
 z - a potion of lignification
 B - 2 potions of might
Comestibles
 f - 27 rations
 I - a chunk of flesh


   Skills:
 + Level 6.5 Fighting
 - Level 8.2 Short Blades
 + Level 0.0(4.1) Long Blades
 * Level 14.3 Slings
 + Level 7.5 Armour
 + Level 7.9 Dodging
 - Level 5.0 Stealth
 + Level 3.2 Invocations


You had 10 spell levels left.
You didn't know any spells.
Your spell library contained the following spells:

 Spells                   Type           Power        Failure   Level  Hunger
 Beastly Appendage        Tmut           #.....       47%         1    ##.....
 Sticks to Snakes         Tmut           #.......     63%         2    ###....
 Spider Form              Tmut/Pois      #.........   85%         3    ####...
 Ice Form                 Ice/Tmut       #.......     99%         4    #####..
 Blade Hands              Tmut           #.........   100%        5    ######.


Dungeon Overview and Level Annotations

Branches:
Dungeon (10/15)            Temple (1/1) D:4
   Lair: D:8-11         Orc: D:9-12

Altars:
Ashenzari
Cheibriados
Dithmenos
Elyvilon
Fedhas
Gozag
Hepliaklqana
Kikubaaqudgha
Makhleb
Nemelex Xobeh
Okawaru
Qazlal
Ru
Sif Muna
Trog
Uskayaw
Vehumet
Wu Jian
Xom
Yredelemnul
Zin
The Shining One

Shops:
D:5 :   D:6 }((%

Annotations:
D:10 1 runed translucent door, Snorg; TheNamelessOne's ghost, novice OgTm


Innate Abilities, Weirdness & Mutations

You are small and have problems with some larger weapons.
You are somewhat resistant to further mutation.


Message History

Snorg completely misses you. Snorg barely misses you. Snorg misses you.
Unknown command.
You barely miss Snorg.
Snorg is heavily wounded.
Snorg bites you! Snorg claws you. Snorg claws you but does no damage.
Snorg misses you.
You riposte.
You slash Snorg!
Snorg is heavily wounded.
Snorg claws you! x2
Unknown command.
You slash Snorg!
Snorg is severely wounded.
Snorg bites you. Snorg claws you.
* * * LOW HITPOINT WARNING * * *
Snorg claws you.
* * * LOW HITPOINT WARNING * * *
Snorg completely misses you. Snorg barely misses you. Snorg claws you!!
* * * LOW HITPOINT WARNING * * *
As you read the scroll of fear, it crumbles to dust.
You assume a fearsome visage.
Snorg bites you!
You die...

#.........................
#..................>...÷..
+.........................
########.........................
.................................
...)[)...........................
+###.###########....###########..
...#.#.PP## #..T...# #..
...#.#P.≈≈## #.@≈≈..# #..
...'.#P§≈≈≈## #.≈≈≈≈.# #..
...#.##≈≈§≈≈###.≈##≈.# #..
...#.###≈§§≈≈#..≈# ≈..# #..
...#.# ##§§≈≈...≈# ≈..§≈ #..
...#.# ##≈≈...≈≈# ≈...≈ #..
...#.# ##.§.≈≈## ≈≈...# #..
####.#####...≈≈## ...#####..
.....#......≈≈## ≈......#..


You could see Snorg (berserk).

Vanquished Creatures
  Harold (D:7)
  3 two-headed ogres
  An unseen horror (D:10)
  3 centaur zombies (D:10)
  Grinder (D:3)
  Sigmund (D:4)
  3 hungry ghosts
  3 black bears
  5 sky beasts
  2 ice beasts
  3 orc warriors
  2 necrophages (D:7)
  4 phantoms
  A centaur (D:6)
  7 ogres
  A big kobold (D:5)
  5 bullfrogs
  A crocodile (D:8)
  2 scorpions
  3 howler monkeys
  A bullfrog zombie (D:9)
  5 crimson imps
  4 hounds
  A jelly (D:8)
  A quasit (D:9)
  7 orc priests
  19 orc wizards
  A bullfrog skeleton (D:7)
  A centaur skeleton (D:7)
  Ijyb (D:5)
  An iguana (D:5)
  9 worker ants
  2 hound zombies
  2 worker ant zombies
  9 gnolls
  11 adders
  5 shadow imps
  2 oozes
  An adder zombie (D:8)
  2 worms (D:3)
  2 dart slugs (D:2)
  9 leopard geckos
  39 orcs
  2 ball pythons (D:1)
  9 giant cockroaches
  8 goblins
  9 hobgoblins
  11 jackals
  4 quokkas
  A ball python skeleton (D:4)
  8 bats
  2 frilled lizards
  24 kobolds
  A leopard gecko skeleton (D:6)
  A quokka skeleton (D:7)
  7 rats
  A spectral orc (D:5)
  A plant (D:10)
276 creatures vanquished.

Vanquished Creatures (others)
  A quokka (D:7)
  4 toadstools (D:1)
5 creatures vanquished.

Grand Total: 281 creatures vanquished

Notes
Turn   | Place    | Note
-------+----------+-------------------------------------------
     0 | D:1      | inmateoo the Halfling Hunter began the quest for the Orb.
     0 | D:1      | Reached XP level 1. HP: 14/14 MP: 1/1
    88 | D:1      | Reached skill level 6 in Slings
    96 | D:1      | Reached XP level 2. HP: 17/19 MP: 2/2
   298 | D:1      | Reached XP level 3. HP: 9/24 MP: 3/3
   339 | D:1      | Reached skill level 1 in Short Blades
   356 | D:1      | Reached skill level 1 in Armour
   884 | D:2      | Found a sparkling altar of Nemelex Xobeh.
  1022 | D:2      | Reached XP level 4. HP: 29/29 MP: 4/4
  1074 | D:2      | Found a hide-covered altar of Uskayaw.
  1339 | D:2      | Found a sparkling altar of Nemelex Xobeh.
  1528 | D:2      | Reached XP level 5. HP: 28/35 MP: 3/5
  1553 | D:2      | Reached skill level 7 in Slings
  1904 | D:3      | Noticed Grinder
  1927 | D:3      | Killed Grinder
  1927 | D:3      | Reached skill level 8 in Slings
  1927 | D:3      | Reached XP level 6. HP: 19/41 MP: 6/6
  2029 | D:3      | Found a glowing golden altar of the Shining One.
  2304 | D:3      | Reached XP level 7. HP: 38/45 MP: 7/7
  2321 | D:3      | You fall through a shaft!
  2696 | D:4      | Noticed Sigmund
  3467 | D:4      | Killed Sigmund
  3587 | D:4      | Found a staircase to the Ecumenical Temple.
  3596 | Temple   | Entered the Ecumenical Temple
  4065 | D:4      | Reached skill level 9 in Slings
  4065 | D:4      | Reached XP level 8. HP: 52/52 MP: 8/8
  4461 | D:5      | Entered Level 5 of the Dungeon
  4473 | D:5      | Found a glowing silver altar of Zin.
  4474 | D:5      | Found a shimmering altar of Xom.
  4476 | D:5      | Found a shattered altar of Ashenzari.
  4739 | D:5      | Found a basalt altar of Yredelemnul.
  5322 | D:5      | Found Otiet Jig's Book Shop.
  5364 | D:5      | Reached skill level 10 in Slings
  5460 | D:5      | Paralysed by a kobold for 4 turns
  5478 | D:5      | Noticed Ijyb
  5487 | D:5      | Killed Ijyb
  5924 | D:6      | Got a fine ring mail
  5944 | D:6      | Identified the +1 ring mail of the Snake Pit {MR+ rCorr}
                  | (You found it on level 6 of the Dungeon)
  5956 | D:6      | Found Jymodghye's Weapon Shop.
  5990 | D:6      | Reached skill level 5 in Dodging
  5990 | D:6      | Reached XP level 9. HP: 49/58 MP: 9/9
  6141 | D:6      | Reached skill level 5 in Short Blades
  6288 | D:6      | Reached skill level 11 in Slings
  6288 | D:6      | Reached skill level 5 in Armour
  6292 | D:6      | Found Dufan's Gadget Boutique.
  6339 | D:6      | Found Binoidue's Weapon Shoppe.
  6342 | D:6      | Noticed a two-headed ogre
  6381 | D:6      | Killed a two-headed ogre
  6928 | D:6      | Reached skill level 5 in Fighting
  6947 | D:6      | Found Lutoyve's Food Boutique.
  7215 | D:6      | Reached XP level 10. HP: 58/66 MP: 10/10
  7361 | D:7      | Found a snail-covered altar of Cheibriados.
  7441 | D:7      | Reached skill level 12 in Slings
  7603 | D:7      | Found a white marble altar of Elyvilon.
  7756 | D:7      | Noticed Harold
  7787 | D:7      | Killed Harold
  8674 | D:8      | Noticed a two-headed ogre
  8691 | D:8      | Killed a two-headed ogre
  8691 | D:8      | Reached skill level 13 in Slings
  8727 | D:8      | Found an iron altar of Okawaru.
  8780 | D:8      | Became a worshipper of Warmaster Okawaru
  8909 | D:8      | Found a radiant altar of Vehumet.
  8937 | D:8      | Reached XP level 11. HP: 61/71 MP: 8/11
  9551 | D:9      | Reached skill level 5 in Stealth
  9589 | D:9      | Reached skill level 1 in Invocations
 10301 | D:9      | Found a sacrificial altar of Ru.
 10346 | D:10     | Entered Level 10 of the Dungeon
 10379 | D:10     | Reached * piety under Okawaru
 10688 | D:10     | Reached skill level 14 in Slings
 10689 | D:10     | Noticed an unseen horror
 10740 | D:10     | Killed an unseen horror
 10806 | D:10     | Reached ** piety under Okawaru
 10896 | D:10     | Found a runed translucent door.
 10896 | D:10     | Noticed TheNamelessOne's ghost (novice OgTm)
 10958 | D:10     | Noticed a two-headed ogre
 10965 | D:10     | Killed a two-headed ogre
 11044 | D:10     | Noticed Snorg
 11088 | D:10     | Got an iridescent demon blade
 11095 | D:10     | Identified the +6 demon blade of Gravity {pain, rPois rC+
                  | Int+3} (You found it on level 10 of the Dungeon)
 11114 | D:10     | HP: 2/73 [Snorg (15)]
 11115 | D:10     | Mangled by Snorg

Skill      XL: |  1  2  3  4  5  6  7  8  9 10 11 |
---------------+----------------------------------+-----
Slings         | 6 8 9 10 11 13 14 | 14.3
Fighting       | 2 3 4 5 6 |  6.5
Short Blades   | 1 2 3 4 6 7 8 |  8.2
Armour         | 1 2 3 4 5 6 7 |  7.5
Dodging        | 3 4 5 6 7 |  7.9
Stealth        | 2 4 5 |  5.0
Invocations    | 3 |  3.2

Action                   |  1- 3 |  4- 6 |  7- 9 | 10-12 || total
-------------------------+-------+-------+-------+-------++-------
Melee: Short sword       |   115 |   124 |   255 |       ||   494
       Dagger            |       |       |   247 |   731 ||   978
       Demon blade       |       |       |       |     7 ||     7
 Fire: Hunting sling     |     3 |       |     8 |    31 ||    42
Evoke: Wand              |       |       |       |     5 ||     5
  Use: Scroll            |     8 |       |     7 |     6 ||    21
       Potion            |       |     1 |       |     6 ||     7
 Stab: Sleeping          |     1 |     2 |     2 |     9 ||    14
       Distracted        |       |       |     1 |       ||     1
  Eat: Chunk             |       |     5 |    15 |    18 ||    38
       Ration            |       |       |       |     1 ||     1
Armor: Leather armour    |    22 |    22 |    43 |       ||    87
       Ring mail         |       |       |    27 |   139 ||   166
Dodge: Dodged            |    85 |    98 |   359 |   490 ||  1032
       Rpst.: Demon blade |       |       |       |     2 ||     2
